MWL (24 & UNDER)
CINCINNATI PRIDE @ LITTLE ROCK LEMMIWINKS
08/08/2029
 
TOP OF THE 1ST
Cincinnati Pride batting - Pitching for Little Rock Lemmiwinks : RHP Dan Catron
Pitching: RHP Dan Catron
Batting: LHB Will O'Dell 0-0: Ball
1-0: Ball
2-0: Called Strike
2-1: Called Strike
2-2: Ground out 4-3 (Groundball, 4)
Batting: SHB Juan Rodríguez 0-0: Ball
1-0: Ground out U3 (Groundball, 3L)
Batting: LHB Carl Hayden 0-0: Called Strike
0-1: Ball
1-1: Ball
2-1: Ball
3-1: Called Strike
3-2: Foul Ball, location: 2F
3-2: Fly out, F8 (Flyball, 8LM)
Top of the 1st over - 0 runs, 0 hits, 0 errors, 0 left on base; Cincinnati 0 - Little Rock 0
BOTTOM OF THE 1ST
Little Rock Lemmiwinks batting - Pitching for Cincinnati Pride : RHP Orlando Martínez
Pitching: RHP Orlando Martínez
Batting: RHB Álex Martínez 0-0: Ball
1-0: Fly out, F4 (Popup, 4MD)
Batting: RHB Roberto Valdéz 0-0: Foul Ball, location: 2F
0-1: Ball
1-1: Fly out, F8 (Flyball, 8LS)
Batting: LHB Stanley Smith 0-0: Ball
1-0: SOLO HOME RUN (Flyball, 9D), Distance : 379 ft
Batting: LHB Pedro Escobar 0-0: Called Strike
0-1: Ball
1-1: Swinging Strike
1-2: Ball
2-2: Strikes out swinging
Bottom of the 1st over - 1 run, 1 hit, 0 errors, 0 left on base; Cincinnati 0 - Little Rock 1
TOP OF THE 2ND
Cincinnati Pride batting - Pitching for Little Rock Lemmiwinks : RHP Dan Catron
Batting: RHB Orlando González 0-0: Ball
1-0: Swinging Strike
1-1: Called Strike
1-2: Ball
2-2: Strikes out swinging, 2-3 out at first.
Batting: RHB Toshiki Kokawa 0-0: Foul Ball, location: 2F
0-1: Swinging Strike
0-2: Strikes out swinging
Batting: RHB Noah Sturges 0-0: Ball
1-0: Ball
2-0: Ball
3-0: Base on Balls
Batting: LHB Rubén Eirado 0-0: Ball
1-0: Called Strike
1-1: Called Strike
Noah Sturges is caught stealing 2nd base
Top of the 2nd over - 0 runs, 0 hits, 0 errors, 0 left on base; Cincinnati 0 - Little Rock 1
BOTTOM OF THE 2ND
Little Rock Lemmiwinks batting - Pitching for Cincinnati Pride : RHP Orlando Martínez
Batting: LHB Greg MacCanish 0-0: Foul Ball, location: 2F
0-1: Fly out, F9 (Flyball, 9D)
Batting: LHB Horace Kramer 0-0: Ball
1-0: Fly out, F8 (Flyball, 78S)
Batting: LHB Manny Robles 0-0: Foul Ball, location: 2F
0-1: Ball
1-1: Ball
2-1: Called Strike
2-2: Foul Ball, location: 2F
2-2: Ball
3-2: Base on Balls
Batting: RHB José Rodríguez 0-0: Called Strike
0-1: Swinging Strike
0-2: Ball
1-2: Strikes out swinging
Bottom of the 2nd over - 0 runs, 0 hits, 0 errors, 1 left on base; Cincinnati 0 - Little Rock 1
TOP OF THE 3RD
Cincinnati Pride batting - Pitching for Little Rock Lemmiwinks : RHP Dan Catron
Batting: LHB Rubén Eirado 0-0: Ground out 4-3 (Groundball, 4)
Batting: LHB Pablo Garza 0-0: SINGLE (Groundball, 4MD)
Batting: RHB Dudley Helms 0-0: Ball
1-0: Foul Ball, location: 2F
1-1: Foul Ball, location: 2F
1-2: Strikes out swinging
Batting: LHB Will O'Dell 0-0: Called Strike
0-1: Ball
1-1: DOUBLE (Line Drive, 89D)
Pablo Garza to third
Batting: SHB Juan Rodríguez 0-0: Ball
1-0: Ball
2-0: Swinging Strike
2-1: Swinging Strike
2-2: Strikes out swinging
Top of the 3rd over - 0 runs, 2 hits, 0 errors, 2 left on base; Cincinnati 0 - Little Rock 1
BOTTOM OF THE 3RD
Little Rock Lemmiwinks batting - Pitching for Cincinnati Pride : RHP Orlando Martínez
Batting: RHB Norberto Gallardo 0-0: SINGLE (Line Drive, 6M)
Batting: RHB Álex Martínez 0-0: Fielders Choice at 2nd, 4-6 (Groundball, 34)
Batting: RHB Roberto Valdéz 0-0: SINGLE (Groundball, 34D)
Álex Martínez to second
Runner from 2nd tries for 3rd, SAFE, no throw
Batting: LHB Stanley Smith 0-0: Swinging Strike
0-1: Ball
1-1: Swinging Strike
1-2: Foul Ball, location: 2F
1-2: Ball
2-2: Ball
3-2: Strikes out swinging
Batting: LHB Pedro Escobar 0-0: Called Strike
0-1: Foul Ball, location: 2F
0-2: Foul Ball, location: 2F
0-2: Ball
1-2: Strikes out looking
Bottom of the 3rd over - 0 runs, 2 hits, 0 errors, 2 left on base; Cincinnati 0 - Little Rock 1
TOP OF THE 4TH
Cincinnati Pride batting - Pitching for Little Rock Lemmiwinks : RHP Dan Catron
Batting: LHB Carl Hayden 0-0: Swinging Strike
0-1: Ball
1-1: Ball
2-1: Ball
3-1: Foul Ball, location: 2F
3-2: Base on Balls
Batting: RHB Orlando González 0-0: Called Strike
0-1: Ball
1-1: Fly out, F5 (Line Drive, 56)
Batting: RHB Toshiki Kokawa 0-0: Called Strike
0-1: Ball
1-1: Called Strike
1-2: Strikes out swinging
Batting: RHB Noah Sturges 0-0: Called Strike
0-1: Foul Ball, location: 2F
0-2: Ball
1-2: Ball
2-2: Foul Ball, location: 2F
2-2: Ball
3-2: Foul Ball, location: 2F
3-2: Strikes out looking
Top of the 4th over - 0 runs, 0 hits, 0 errors, 1 left on base; Cincinnati 0 - Little Rock 1
BOTTOM OF THE 4TH
Little Rock Lemmiwinks batting - Pitching for Cincinnati Pride : RHP Orlando Martínez
Batting: LHB Greg MacCanish 0-0: Called Strike
0-1: Ball
1-1: Swinging Strike
1-2: Ball
2-2: Foul Ball, location: 2F
2-2: Ball
3-2: Ground out 5-3 (Groundball, 5)
Pitching: LHP Elmer Ramírez
Batting: LHB Horace Kramer 0-0: Called Strike
0-1: Ball
1-1: Foul Ball, location: 2F
1-2: Foul Ball, location: 2F
1-2: Ball
2-2: Ball
3-2: Foul Ball, location: 2F
3-2: Foul Ball, location: 2F
3-2: SINGLE (Flyball, 78S)
Batting: LHB Manny Robles 0-0: Called Strike
Horace Kramer is caught stealing 2nd base
0-1: Ball
1-1: Swinging Strike
1-2: Foul Ball, location: 2F
1-2: Hit by Pitch
Batting: RHB José Rodríguez 0-0: Foul Ball, location: 2F
0-1: Ball
1-1: Foul Ball, location: 2F
1-2: Ball
2-2: Ball
3-2: SINGLE (Groundball, 6MD)
Manny Robles to second
Manny Robles to third
Batting: RHB Norberto Gallardo 0-0: Ball
1-0: Fly out, F9 (Flyball, 9LS)
Bottom of the 4th over - 0 runs, 2 hits, 0 errors, 2 left on base; Cincinnati 0 - Little Rock 1
TOP OF THE 5TH
Cincinnati Pride batting - Pitching for Little Rock Lemmiwinks : RHP Dan Catron
Batting: LHB Rubén Eirado 0-0: Foul Ball, location: 2F
0-1: Ball
1-1: Foul Ball, location: 2F
1-2: SINGLE (Line Drive, 6)
Batting: LHB Pablo Garza 0-0: Ball
1-0: Called Strike
1-1: Ball
2-1: Called Strike
2-2: SINGLE (Line Drive, 34D)
Rubén Eirado to second
Runner from 2nd tries for 3rd, SAFE, no throw
Batting: RHB Dudley Helms 0-0: Foul Ball, location: 2F
0-1: Ball
1-1: Foul Ball, location: 2F
1-2: Strikes out looking
Batting: LHB Will O'Dell 0-0: Ball
1-0: Ground out 4-3 (Groundball, 34)
Rubén Eirado scores
Pablo Garza to second
Batting: SHB Juan Rodríguez 0-0: Called Strike
0-1: Foul Ball, location: 2F
0-2: Strikes out swinging
Top of the 5th over - 1 run, 2 hits, 0 errors, 1 left on base; Cincinnati 1 - Little Rock 1
BOTTOM OF THE 5TH
Little Rock Lemmiwinks batting - Pitching for Cincinnati Pride : LHP Elmer Ramírez
Batting: RHB Álex Martínez 0-0: Ball
1-0: SOLO HOME RUN (Flyball, 7LD), Distance : 348 ft
Batting: RHB Roberto Valdéz 0-0: Ball
1-0: Fly out, F7 (Flyball, 78M)
Batting: LHB Stanley Smith 0-0: Ball
1-0: Called Strike
1-1: Foul Ball, location: 2F
1-2: Strikes out swinging
Batting: LHB Pedro Escobar 0-0: Ball
1-0: Foul Ball, location: 2F
1-1: Ball
2-1: Swinging Strike
2-2: Ball
3-2: Foul Ball, location: 2F
3-2: Strikes out looking
Bottom of the 5th over - 1 run, 1 hit, 0 errors, 0 left on base; Cincinnati 1 - Little Rock 2
TOP OF THE 6TH
Cincinnati Pride batting - Pitching for Little Rock Lemmiwinks : RHP Dan Catron
Pitching: RHP Muneyaki Nakamura
Batting: LHB Carl Hayden 0-0: Ball
1-0: Ground out 4-3 (Groundball, 4M)
Batting: RHB Orlando González 0-0: Fly out, F9 (Flyball, 9LS)
Batting: RHB Toshiki Kokawa 0-0: Ball
1-0: Foul Ball, location: 2F
1-1: SINGLE (Flyball, 7S)
Batting: RHB Noah Sturges 0-0: Ball
1-0: Fielders Choice at 2nd, 5-4 (Groundball, 5)
Top of the 6th over - 0 runs, 1 hit, 0 errors, 1 left on base; Cincinnati 1 - Little Rock 2
BOTTOM OF THE 6TH
Little Rock Lemmiwinks batting - Pitching for Cincinnati Pride : LHP Elmer Ramírez
Batting: LHB Greg MacCanish 0-0: Ball
1-0: Called Strike
1-1: Called Strike
1-2: Ball
2-2: Fly out, F3 (Popup, 34S)
Batting: LHB Horace Kramer 0-0: Called Strike
0-1: Ball
1-1: Foul Ball, location: 2F
1-2: Foul Ball, location: 2F
1-2: Strikes out swinging
Batting: LHB Manny Robles 0-0: Swinging Strike
0-1: Called Strike
0-2: Ball
1-2: Fly out, F7 (Flyball, 7LDF)
Bottom of the 6th over - 0 runs, 0 hits, 0 errors, 0 left on base; Cincinnati 1 - Little Rock 2
TOP OF THE 7TH
Cincinnati Pride batting - Pitching for Little Rock Lemmiwinks : RHP Muneyaki Nakamura
Pitching: LHP Albert Martin
Batting: LHB Rubén Eirado 0-0: Ground out 4-3 (Groundball, 4)
Batting: LHB Pablo Garza 0-0: Foul Ball, location: 2F
0-1: Ball
1-1: Ball
2-1: Ball
3-1: Foul Ball, location: 2F
3-2: Strikes out swinging
Pitching: RHP Pablo Borges
Batting: RHB Dudley Helms 0-0: Called Strike
0-1: Foul Ball, location: 2F
0-2: Ball
1-2: Ball
2-2: Strikes out looking
Top of the 7th over - 0 runs, 0 hits, 0 errors, 0 left on base; Cincinnati 1 - Little Rock 2
BOTTOM OF THE 7TH
Little Rock Lemmiwinks batting - Pitching for Cincinnati Pride : LHP Elmer Ramírez
Batting: RHB José Rodríguez 0-0: Ball
1-0: Ball
2-0: Ball
3-0: Base on Balls
Pinch Hitting: RHB Germán Vargas 0-0: Ball
1-0: Swinging Strike
1-1: Foul Ball, location: 2F
1-2: Strikes out swinging
Batting: RHB Álex Martínez 0-0: Ball
1-0: Foul Ball, location: 2F
1-1: Ball
2-1: Foul Ball, location: 2F
2-2: Strikes out swinging
José Rodríguez steals 2nd base
Batter strikes out.
Batting: RHB Roberto Valdéz 0-0: Called Strike
0-1: Swinging Strike
0-2: Ball
1-2: Foul Ball, location: 2F
1-2: Ball
2-2: Foul Ball, location: 2F
2-2: Strikes out swinging
Bottom of the 7th over - 0 runs, 0 hits, 0 errors, 1 left on base; Cincinnati 1 - Little Rock 2
TOP OF THE 8TH
Cincinnati Pride batting - Pitching for Little Rock Lemmiwinks : RHP Pablo Borges
Now in CF: Álex Ochoa
Batting: LHB Will O'Dell 0-0: Called Strike
0-1: Foul Ball, location: 2F
0-2: Ball
1-2: Ball
2-2: Foul Ball, location: 2F
2-2: Ball
3-2: Ground out 6-3 (Groundball, 6S)
Batting: SHB Juan Rodríguez 0-0: Called Strike
0-1: Foul Ball, location: 2F
0-2: Ball
1-2: Ground out 5-3 (Groundball, 56S)
Batting: LHB Carl Hayden 0-0: Ball
1-0: Ball
2-0: Ball
3-0: Called Strike
3-1: Called Strike
3-2: Strikes out swinging
Top of the 8th over - 0 runs, 0 hits, 0 errors, 0 left on base; Cincinnati 1 - Little Rock 2
BOTTOM OF THE 8TH
Little Rock Lemmiwinks batting - Pitching for Cincinnati Pride : LHP Elmer Ramírez
Batting: LHB Stanley Smith 0-0: Called Strike
0-1: Swinging Strike
0-2: Fly out, F9 (Flyball, 9LS)
Batting: LHB Pedro Escobar 0-0: Ball
1-0: Ball
2-0: Called Strike
2-1: Called Strike
2-2: Fly out, F4 (Popup, 4S)
Batting: LHB Greg MacCanish 0-0: Ball
1-0: SINGLE (Groundball, 4MD)
Pinch Hitting: RHB Ánibal Soto 0-0: Swinging Strike
0-1: Ball
1-1: Ball
2-1: Swinging Strike
2-2: Ball
3-2: Foul Ball, location: 2F
3-2: Foul Ball, location: 2F
3-2: Base on Balls
Greg MacCanish to second
Pitching: RHP Héctor Fabián
Batting: LHB Manny Robles 0-0: Swinging Strike
0-1: Swinging Strike
0-2: Hit by Pitch
Greg MacCanish to third
Ánibal Soto to second
Pinch Hitting: RHB James Hunter 0-0: Ball
1-0: Ball
2-0: Foul Ball, location: 2F
2-1: Ball
3-1: Foul Ball, location: 2F
3-2: SINGLE (Flyball, 78M)
Greg MacCanish scores
Ánibal Soto to third
Manny Robles to second
Ánibal Soto scores
Manny Robles to third
Batting: RHB Álex Ochoa 0-0: Swinging Strike
0-1: Ball
1-1: Ball
2-1: Foul Ball, location: 2F
2-2: Strikes out swinging
Bottom of the 8th over - 2 runs, 2 hits, 0 errors, 2 left on base; Cincinnati 1 - Little Rock 4
TOP OF THE 9TH
Cincinnati Pride batting - Pitching for Little Rock Lemmiwinks : RHP Pablo Borges
Pitching: LHP Walt MacKey
Now at C: Júlio Colón
Now at 3B: Jack Crossey
Now at SS: Ánibal Soto
Now in RF: Francisco Gonzáles
Batting: RHB Orlando González 0-0: Foul Ball, location: 2F
0-1: Ball
1-1: Fly out, F8 (Flyball, 78M)
Batting: RHB Toshiki Kokawa 0-0: Ground out 4-3 (Groundball, 4)
Batting: RHB Noah Sturges 0-0: Ball
1-0: Swinging Strike
1-1: Foul Ball, location: 2F
1-2: Strikes out looking
Top of the 9th over - 0 runs, 0 hits, 0 errors, 0 left on base; Cincinnati 1 - Little Rock 4
Saturday, December 16th, 2017 - OOTP Baseball 18.8 Build 76